 Dungeon Crawl Stone Soup version 0.25-a0-290-g4a1327ee3a (webtiles) character file.

Game seed: 2602065127988392307, levelgen mode: deterministic

142 bmfx the Slasher (level 5, -1/29 HPs)
             Began as a Deep Elf Skald on Dec 13, 2019.
             Killed from afar by an orc wizard (10 damage)
             ... with a magic dart
             ... on level 2 of the Dungeon.
             The game lasted 00:15:22 (3636 turns).

bmfx the Slasher (Deep Elf Skald)                   Turns: 3636, Time: 00:15:23

Health: -1/29      AC:  3    Str:  8    XL:     5   Next: 3%
Magic:  6/11       EV: 17    Int: 19    God:
Gold:   130        SH:  0    Dex: 19    Spells: 2/10 levels left

rFire    . . .     SeeInvis .   l - +3 short sword
rCold    . . .     Gourm    .   (no shield)
rNeg     . . .     Faith    .   b - +0 leather armour
rPois    .         Spirit   .   (no helmet)
rElec    .         Reflect  .   (no cloak)
rCorr    .         Harm     .   (no gloves)
MR       .....                  (no boots)
Stlth    ++........             (no amulet)
HPRegen  0.09/turn              (no ring)
MPRegen  0.12/turn              (no ring)

@: agile, slowed, very slow
A: no striking features
a: no special abilities


You were on level 2 of the Dungeon.
You were not hungry.

You visited 1 branch of the dungeon, and saw 4 of its levels.

You collected 130 gold pieces.

Dungeon Overview and Level Annotations

Branches:
Dungeon (4/15)
 Temple: D:4-7

Altars:

Annotations:
D:4 Natasha


   Skills:
 - Level 1.5 Fighting
 + Level 4.8 Long Blades
 - Level 0.7 Armour
 - Level 2.4 Dodging
 - Level 3.0 Spellcasting
 - Level 4.4 Charms


You had 2 spell levels left.
You knew the following spells:

 Your Spells              Type           Power        Failure   Level  Hunger
A - Infusion              Chrm           ###.         3%          1    None
B - Shroud of Golubria    Chrm/Tloc      ##....       13%         2    ##.....
C - Song of Slaying       Chrm           ###.....     5%          2    ##.....
D - Spectral Weapon       Hex/Chrm       ##......     26%         3    ###....

Your spell library contained the following spells:

 Spells                   Type           Power        Failure   Level  Hunger
 Regeneration             Chrm/Necr      ##........   26%         3    ###....

Action                   |  1- 3 |  4- 6 || total
-------------------------+-------+-------++-------
Melee: Falchion          |    69 |       ||    69
       Short sword       |    32 |    36 ||    68
 Fire: Hunting sling     |    22 |    48 ||    70
 Cast: Infusion          |    33 |    10 ||    43
       Shroud of Golubri |    10 |    10 ||    20
       Song of Slaying   |     1 |       ||     1
  Use: Scroll            |       |     4 ||     4
       Potion            |       |     3 ||     3
 Stab: Sleeping          |     1 |       ||     1
  Eat: Chunk             |     5 |     1 ||     6
       Ration            |       |     1 ||     1
Armor: Leather armour    |    26 |    15 ||    41
       Skin              |       |    11 ||    11
Dodge: Dodged            |    68 |    35 ||   103
       Rpst.: Falchion   |     8 |       ||     8

Skill      XL: |  1  2  3  4 |
---------------+-------------+-----
Long Blades    | 2 3 4 |  4.8
Fighting       | |  1.5
Armour         | |  0.7
Dodging        | |  2.4
Spellcasting   | |  3.0
Charms         | |  4.4

Inventory:

Hand Weapons
 a - a +0 falchion
 c - a +0 hunting sling
 l - a +3 short sword (weapon)
Missiles
 e - 42 stones (quivered)
Armour
 b - a +0 leather armour (worn)
 i - a +0 shield
Jewellery
 o - an uncursed ring of magical power {unknown}
Scrolls
 f - a scroll of remove curse {unknown}
 k - a scroll of blinking {unknown}
Potions
 m - a potion of resistance
 n - a potion of brilliance
Comestibles
 d - 7 rations
 g - 2 chunks of flesh {@w1}

#......###......# #.
#.....<.........###.
#..........##.#.....
#...............###.
#...................
#.>.<.............#.
#[..)...............
##...............##.
#.@.............#..
#...........<...#..
#.).............###
###o...)......#.###
#..####)#.#.....#
##..# #.........#
#...# ##..####...
#..## #..## ###.
#..# #...# #.


You could see an orc wizard.

Vanquished Creatures
  2 orc wizards
  3 adders
  A worm (D:2)
  2 leopard geckos
  6 orcs
  A ball python (D:2)
  7 goblins
  3 hobgoblins
  4 jackals (D:1)
  7 bats
  A frilled lizard (D:2)
  7 kobolds
  8 rats
52 creatures vanquished.

Levels and vault maps discovered:
D:1:      psy_arrival_dodecagon, layout_rooms
D:2:      layout_rooms, corner_web_ring
D:3:      cheibrodos_pilgrimage, layout_rooms
D:4:      layout_loops_ring, old_standard_altar, grunt_temple_overflow_open,
          first_ration, minmay_strange_pillars, kennysheep_cross_bottleneck,
          uniq_natasha, uniq_crazy_yiuf_cottage, uniq_ijyb


Message History

The orc wizard hits you with a +0 dagger.
* * * LOW HITPOINT WARNING * * *
You closely miss the orc wizard.
The orc wizard is moderately wounded.
The orc wizard casts a spell.
The orc wizard blinks!
The orc wizard gestures at you while chanting.
You feel yourself slow down.
Things that are here:
a +0 ring mail; a +0 club; a +0 short sword The orc wizard mumbles some strange words.
The orc wizard blinks!
The orc wizard gestures at you while chanting.
You feel as though you will be slow longer.
The orc wizard casts a spell.
The orc wizard seems to speed up.
You see here a cursed +0 short sword.
The orc wizard gestures at you while chanting.
The magic dart hits you!
You die...

Notes
Turn   | Place    | Note
-------+----------+-------------------------------------------
     0 | D:1      | bmfx the Deep Elf Skald began the quest for the Orb.
     0 | D:1      | Reached XP level 1. HP: 12/12 MP: 6/6
   297 | D:1      | Reached XP level 2. HP: 10/16 MP: 4/8
   365 | D:1      | Learned a level 2 spell: Song of Slaying
   368 | D:1      | Learned a level 2 spell: Shroud of Golubria
  1224 | D:2      | Reached XP level 3. HP: 20/20 MP: 6/9
  1460 | D:3      | Learned a level 3 spell: Spectral Weapon
  1574 | D:4      | Noticed Natasha
  2302 | D:2      | Reached XP level 4. HP: 21/25 MP: 10/10
  3576 | D:3      | Reached XP level 5. HP: 7/29 MP: 0/11
  3636 | D:2      | Killed from afar by an orc wizard
